 Dungeon Crawl Stone Soup version 0.28.0-45-g0d030f2227 (webtiles) character file.

Game seed: 3630613416087418146

146 pkoi the Ruffian (level 4, 0/36 HPs)
             Began as a Demigod Gladiator on Apr 11, 2022.
             Slain by a kobold brigand
             ... wielding a +0 short sword
              (3 damage)
             ... in a sewer.
             The game lasted 00:03:10 (3493 turns).

pkoi the Ruffian (Demigod Gladiator)                Turns: 3493, Time: 00:03:11

Health: 0/36       AC:  4    Str: 17 (19) XL:     4   Next: 79%
Magic:  6/6        EV: 12    Int:  9 (10) God:
Gold:   105        SH:  0    Dex: 12 (15) Spells: 3/3 levels left

rFire   . . .      SeeInvis +   i - +2 whip (elec)
rCold   . . .      Faith    .   (no shield)
rNeg    . . .      Spirit   .   a - +0 leather armour
rPois   .          Reflect  .   d - +0 helmet
rElec   .          Harm     .   (no cloak)
rCorr   .          Rampage  .   (no gloves)
Will    .....                   (no boots)
Stlth   +.........              k - amulet of the acrobat
HPRegen 0.12/turn               j - ring of see invisible
MPRegen 0.10/turn               (no ring)

@: invisible, very slow
A: high MP 1, forlorn, divine attributes
a: no special abilities


You were in a sewer.
You visited 1 branch of the dungeon, and saw 4 of its levels.
You also visited: Sewer.

You collected 105 gold pieces.

Inventory:

Hand Weapons
 b - a +0 hunting sling
 h - a +0 whip
 i - a +2 whip of electrocution (weapon)
Missiles
 c - 2 throwing nets (quivered)
 f - 86 stones
Armour
 a - a +0 leather armour (worn)
 d - a +0 helmet (worn)
Jewellery
 j - a ring of see invisible (left hand)
 k - an amulet of the acrobat (around neck)
Potions
 g - 2 potions of curing
 n - a potion of haste
 p - a potion of might {unknown}


   Skills:
 - Level 1.7 Fighting
 - Level 2.6(3.0) Slings
 - Level 1.7(2.5) Throwing
 - Level 2.6 Dodging
 + Level 4.3 Unarmed Combat


You had 3 spell levels left.
You didn't know any spells.
Your spell library was empty.

Dungeon Overview and Level Annotations

Branches:
Dungeon (4/15)              Sewer (1/1)
 Temple: D:4-7


Innate Abilities, Weirdness & Mutations

You have an increased reservoir of magic. (+10% MP)
You shall have no god before yourself.
Your divine heritage dramatically boosts your attributes as you level up.


Message History

The kobold brigand is severely wounded.
The kobold misses you. The kobold brigand barely misses you.
Unknown command.
You barely miss the kobold brigand.
The kobold brigand is severely wounded.
The kobold hits you with a +0 dagger.
* * * LOW HITPOINT WARNING * * *
The kobold brigand splashes around in the water.
The kobold hits you with a +0 dagger.
* * * LOW HITPOINT WARNING * * *
Your unstable footing causes you to fumble your attack.
The kobold brigand hits you with a +0 short sword.
* * * LOW HITPOINT WARNING * * *
The kobold splashes around in the water.
Unknown command.
Unknown command.
You barely miss the kobold brigand.
The kobold brigand is severely wounded.
The kobold brigand hits you with a +0 short sword.
* * * LOW HITPOINT WARNING * * *
The kobold barely misses you.
Unknown command.
You barely miss the kobold brigand.
The kobold brigand is severely wounded.
The kobold brigand splashes around in the water.
The kobold hits you but does no damage.
Unknown command.
It was a potion of curing.
You feel better.
The kobold brigand splashes around in the water.
The kobold splashes around in the water.
It was a potion of degeneration.
There was something very wrong with that liquid.
You feel weakened.
You feel dopey.
You feel clumsy.
The kobold brigand hits you with a +0 short sword.
* * * LOW HITPOINT WARNING * * *
The kobold splashes around in the water.
It was a potion of invisibility.
You fade into invisibility!
The kobold brigand hits you with a +0 short sword.
You die...

..≈.≈≈≈≈≈..≈≈##
≈≈.≈#####≈.≈≈.#
...# ##≈.≈.#
≈≈# ##≈≈.# ≈.
#.≈≈# #.≈≈#
##≈.≈## #K≈≈..#
#@###.# #K# #≈#
#≈# #≈# ... ≈≈≈
≈#≈ ≈#≈ #≈ ≈#≈
≈# #≈ ≈#≈ ≈# #.
.#


You could see a kobold brigand and a kobold.

Vanquished Creatures
  Jessica (D:3)
  2 iguanas
  An adder (D:3)
  2 worms
  2 dart slugs
  7 ball pythons
  7 bats
  4 endoplasms
  2 giant cockroaches
  2 hobgoblins
  5 kobolds
  3 quokkas
  3 frilled lizards
  3 goblins
  5 rats
49 creatures vanquished.

Notes
Turn   | Place    | Note
-------+----------+-------------------------------------------
     0 | D:1      | pkoi the Demigod Gladiator began the quest for the Orb.
     0 | D:1      | Reached XP level 1. HP: 17/17 MP: 3/3
   310 | D:1      | Reached skill level 3 in Unarmed Combat
   384 | D:1      | Reached skill level 1 in Slings
   384 | D:1      | Reached XP level 2. HP: 24/24 MP: 4/4
  1637 | D:2      | Reached XP level 3. HP: 29/29 MP: 5/5
  2147 | D:3      | Noticed Jessica
  2150 | D:3      | Killed Jessica
  2516 | D:3      | Reached XP level 4. HP: 27/36 MP: 6/6
  2804 | D:3      | Reached skill level 4 in Unarmed Combat
  3345 | D:4      | Found a glowing drain.
  3362 | Sewer    | Entered a sewer
  3463 | Sewer    | Noticed a kobold brigand
  3493 | Sewer    | Slain by a kobold brigand

Illustrated notes

Levels and vault maps discovered:
D:1:      saegor_arrival_simple_b, layout_loops_corners, bh_walls_and_bars
D:2:      layout_loops_corners, shapermc_ecumenical_altar_hornbeckon
D:3:      layout_basic, hangedman_decor_clover_reticule, uniq_jessica
D:4:      layout_basic, minmay_temple_entry_statues_fountains,
          cheibrodos_sewer_entry_drain, uniq_edmund, uniq_grinder
Sewer:    sewer_co_tree

Skill      XL: |  1  2  3  4 |
---------------+-------------+-----
Unarmed Combat | 3 4 |  4.3
Slings         | 1 2 |  2.6
Fighting       | |  1.7
Throwing       | |  1.7
Dodging        | |  2.6

Action                   |  1- 3 |  4- 6 || total
-------------------------+-------+-------++-------
Melee: Unarmed           |    23 |       ||    23
       Whip              |    68 |    57 ||   125
       Punch             |     2 |       ||     2
 Fire: Hunting sling     |    10 |       ||    10
Throw: Throwing net      |     1 |       ||     1
  Use: Scroll            |       |     3 ||     3
       Potion            |       |     3 ||     3
 Stab: Sleeping          |     1 |       ||     1
Armor: Leather armour    |    20 |    13 ||    33
Dodge: Dodged            |    76 |    40 ||   116
